 Dungeon Crawl Stone Soup version 0.31.0-9-g3a7656b989 (webtiles) character file.

Game seed: 5627394984107429524

249 qw the Skirmisher (level 5, -2/30 HPs)
             Began as a Deep Elf Hunter on Feb 2, 2024.
             Incinerated by a bombardier beetle (3 damage)
             ... with a burning spray
             ... on level 4 of the Dungeon.
             The game lasted 00:00:10 (2473 turns).

qw the Skirmisher (Deep Elf Hunter)                 Turns: 2473, Time: 00:00:10

Health: -2/30      AC:  5    Str: 14 (16) XL:     5   Next: 86%
Magic:  7/7        EV: 11    Int: 12 (14) God:
Gold:   136        SH:  0    Dex: 15 (18) Spells: 4/4 levels left

rFire   . . .        a - +2 shortbow
rCold   . . .        (shield currently unavailable)
rNeg    . . .        b - +0 ring mail
rPois   .            (no helmet)
rElec   .            (no cloak)
rCorr   .            (no gloves)
SInv    .            (no boots)
Will    .....        (no amulet)
Stlth   +            f - +6 ring of strength
HPRegen 0.25/turn    (no ring)
MPRegen 0.10/turn

%: no passive effects
@: on fire, glowing
A: no striking features
a: no special abilities


You were on level 4 of the Dungeon.
You visited 1 branch of the dungeon, and saw 4 of its levels.

You collected 136 gold pieces.


   Skills:
 - Level 2.1 Fighting
 + Level 9.2 Ranged Weapons
 - Level 2.4 Dodging
 - Level 1.2 Stealth


You had 4 spell levels left.
You didn't know any spells.
Your spell library was empty.

Inventory:

Hand Weapons
 a - a +2 shortbow (weapon)
Armour
 b - a +0 ring mail (worn)
Jewellery
 f - a +6 ring of strength (left hand)
Scrolls
 c - a scroll of identify
Potions
 g - a potion of mutation

Dungeon Overview and Level Annotations

Branches:
Dungeon (4/15)
 Temple: D:4-7

Altars:
Fedhas


Message History

You shoot an arrow. The arrow hits the endoplasm!
You kill the endoplasm!
The liquid fire burns you!
You shoot an arrow.
The arrow closely misses the bombardier beetle.
The liquid fire burns you!
You shoot an arrow. The arrow hits the bombardier beetle!
The bombardier beetle is heavily wounded.
The liquid fire burns you!
You shoot an arrow. The arrow hits the bombardier beetle.
The bombardier beetle is severely wounded.
The liquid fire burns you!
2468 ||| DRINKING potion of heal wounds.
You feel much better. The liquid fire burns you!
The bombardier beetle sprays incendiary fluid at you.
The burning spray hits you.
You are even more covered in liquid fire!
You shoot an arrow.
The arrow hits the bombardier beetle but does no damage.
The bombardier beetle is severely wounded.
The liquid fire burns you! The bombardier beetle bites you.
You shoot an arrow.
The arrow closely misses the bombardier beetle.
The liquid fire burns you!
You shoot an arrow.
The arrow barely misses the bombardier beetle.
The liquid fire burns you!
The bombardier beetle sprays incendiary fluid at you.
The burning spray hits you.
You are even more covered in liquid fire!
You shoot an arrow. The arrow hits the bombardier beetle.
The bombardier beetle is almost dead.
The liquid fire burns you! The bombardier beetle bites you.
You shoot an arrow.
The arrow completely misses the bombardier beetle.
The liquid fire burns you!
You die...

###### #..).# #.##.#
###########.##.########
#..$..$@....##.........
#.....B.....##.....###
................<...#
......#######.......#
.).... #.......# ..#...
#.......# . #..
#.......# #.. #.......#
#.......#


You could see a bombardier beetle.

Vanquished Creatures
  A bombardier beetle (D:3)
  Terence (D:3)
  An iguana (D:4)
  2 orc wizards (D:3)
  5 adders
  A ribbon worm (D:2)
  3 dart slugs
  4 orcs (D:3)
  5 endoplasms
  6 giant cockroaches
  8 goblins
  2 hobgoblins
  2 jackals (D:2)
  5 kobolds
  2 quokkas
  4 ball pythons
  5 bats
  2 frilled lizards (D:2)
  5 rats
64 creatures vanquished.

Notes
Turn   | Place    | Note
-------+----------+-------------------------------------------
     0 | D:1      | qw the Deep Elf Hunter began the quest for the Orb.
     0 | D:1      | Reached XP level 1. HP: 12/12 MP: 3/3
     0 | D:1      | 0 ||| qw: Version: 0.3-a-155-g5e7d8dd
     0 | D:1      | 0 ||| qw: Game counter: 1549
     0 | D:1      | 0 ||| qw: Melee chars always use a shield: true
     0 | D:1      | 0 ||| qw: God list: Okawaru
     0 | D:1      | 0 ||| qw: Allow faded altars: false
     0 | D:1      | 0 ||| qw: Do Orc after clearing Dungeon:15 true
     0 | D:1      | 0 ||| qw: Do second Lair branch before Depths: true
     0 | D:1      | 0 ||| qw: Lair rune preference: random
     0 | D:1      | 0 ||| qw: Goals: Normal
     0 | D:1      | 0 ||| PLANNING D:1-11
    21 | D:1      | You fall into a shaft and drop 1 floor!
    45 | D:2      | HP: 3/12 [jackal (2)]
   192 | D:2      | 192 ||| READING scroll labelled VOWOCV VAGGOZEIRI.
   192 | D:2      | 192 ||| ENCHANTING +0 shortbow.
   193 | D:2      | 193 ||| READING scroll labelled TEINWY VOREENKYECW.
   194 | D:2      | 194 ||| READING scroll labelled YZXALA PUKEON.
   194 | D:2      | 194 ||| IDENTIFYING fizzy coppery potion
   195 | D:2      | 195 ||| DROPPING scroll of butterflies.
   200 | D:2      | 200 ||| FLEEEEING.
   201 | D:2      | 201 ||| FLEEEEING.
   202 | D:2      | 202 ||| FLEEEEING.
   203 | D:2      | 203 ||| STAIRDANCE
   254 | D:1      | Reached skill level 6 in Ranged Weapons
   254 | D:1      | Reached XP level 2. HP: 16/16 MP: 4/4
   638 | D:1      | 638 ||| READING scroll of enchant weapon.
   638 | D:1      | 638 ||| ENCHANTING +1 shortbow.
   725 | D:1      | 725 ||| UPGRADING to +0 ring mail.
   735 | D:1      | 735 ||| DROPPING +0 leather armour.
   736 | D:1      | 736 ||| READING scroll labelled APPELA FUSY.
   804 | D:2      | Reached XP level 3. HP: 20/20 MP: 5/5
   841 | D:2      | Reached skill level 7 in Ranged Weapons
  1012 | D:2      | Reached XP level 4. HP: 25/25 MP: 6/6
  1486 | D:2      | 1486 ||| UPGRADING to +6 ring of strength.
  1487 | D:2      | 1487 ||| DROPPING ring of magical power.
  1488 | D:2      | 1488 ||| READING scroll of identify.
  1488 | D:2      | 1488 ||| IDENTIFYING grey potion
  1489 | D:2      | 1489 ||| READING scroll labelled ZETSIL WERO.
  1490 | D:2      | 1490 ||| READING scroll labelled KEMAD LERUPATT.
  1491 | D:2      | 1491 ||| DRINKING 2 bubbling red potions.
  1492 | D:2      | 1492 ||| DROPPING potion of brilliance.
  1564 | D:3      | Noticed Terence
  1571 | D:3      | Killed Terence
  1572 | D:3      | Reached skill level 8 in Ranged Weapons
  1767 | D:3      | Found a faded altar of an unknown god.
  1768 | D:3      | 1768 ||| FLEEEEING.
  1769 | D:3      | 1769 ||| FLEEEEING.
  1770 | D:3      | 1770 ||| FLEEEEING.
  1771 | D:3      | 1771 ||| FLEEEEING.
  1772 | D:3      | 1772 ||| FLEEEEING.
  1773 | D:3      | 1773 ||| FLEEEEING.
  1774 | D:3      | 1774 ||| FLEEEEING.
  1775 | D:3      | 1775 ||| FLEEEEING.
  1777 | D:3      | 1777 ||| FLEEEEING.
  1778 | D:3      | 1778 ||| FLEEEEING.
  1779 | D:3      | 1779 ||| FLEEEEING.
  1787 | D:3      | Reached XP level 5. HP: 27/29 MP: 7/7
  2118 | D:3      | Reached skill level 9 in Ranged Weapons
  2262 | D:3      | Found a blossoming altar of Fedhas.
  2361 | D:3      | 2361 ||| READING scroll labelled NAUXIA LEDICH.
  2362 | D:3      | 2362 ||| DRINKING 2 fizzy golden potions.
  2363 | D:3      | 2363 ||| DROPPING potion of degeneration.
  2413 | D:4      | 2413 ||| PLANNING SEWER
  2467 | D:4      | HP: 4/30 [burnt (5)]
  2468 | D:4      | 2468 ||| DRINKING potion of heal wounds.
  2472 | D:4      | HP: 2/30 [burnt (4)]
  2473 | D:4      | Incinerated by a bombardier beetle

Levels and vault maps discovered:
D:1:      dpeg_arrival_more_subterranean_lakeside_camping, layout_basic,
          minmay_worlds_worst_comb
D:2:      layout_basic, minmay_crystal_room, grunt_ministairs_3
D:3:      layout_basic, fedhas_altar_fruit_tree,
          shapermc_ecumenical_altar_acropolis, serial_bayou_lagoon_a,
          grunt_decor_fettered, uniq_terence
D:4:      layout_basic, cheibrodos_sewer_entry_sluice

Skill      XL: |  1  2  3  4  5 |
---------------+----------------+-----
Ranged Weapons | 6 7 8 9 |  9.2
Fighting       | 2 |  2.1
Dodging        | |  2.4
Stealth        | |  1.2

Action                     |  1- 3 |  4- 6 || total
---------------------------+-------+-------++-------
   Fire: Shortbow          |    74 |   100 ||   174
    Use: Scroll            |     5 |     4 ||     9
         Potion            |       |     3 ||     3
 Armour: Leather armour    |    12 |       ||    12
         Ring mail         |     4 |    20 ||    24
  Dodge: Dodged            |    24 |    21 ||    45

Table legend:
 A = Non-vault XP
 B = Vault XP
 C = Vault XP percentage of total XP
 D = Non-vault monster count
 E = Vault monster count
 F = Vault count percentage of total count
                 A         B        C        D         E       F
            +---------+---------+-------+---------+---------+-------
      Total |     298 |      58 |  16.3 |      58 |       6 |   9.4
            +---------+---------+-------+---------+---------+-------
        D:1 |      25 |       8 |  24.2 |      15 |       4 |  21.1
        D:2 |      72 |      14 |  16.3 |      19 |       1 |   5.0
        D:3 |     155 |      36 |  18.8 |      18 |       1 |   5.3
        D:4 |      46 |       0 |   0.0 |       6 |       0 |   0.0
            +---------+---------+-------+---------+---------+-------
